 Dungeon Crawl Stone Soup version 0.30.1-3-gfc49f6343a (webtiles) character file.

Game seed: 5556488193919372122

476 shmup the Firebug (level 7, -3/36 HPs)
             Began as a Tengu Fire Elementalist on Aug 2, 2023.
             Was an Initiate of Sif Muna.
             Slain by an ogre
             ... wielding a +0 giant spiked club
              (21 damage)
             ... on level 4 of the Dungeon.
             The game lasted 00:11:33 (3630 turns).

shmup the Firebug (Tengu Fire Elementalist)         Turns: 3630, Time: 00:11:34

Health: -3/36      AC:  2    Str:  8    XL:     7   Next: 10%
Magic:  2/11       EV: 14    Int: 17    God:    Sif Muna [......]
Gold:   108        SH:  0    Dex: 15    Spells: 7/10 levels left

rFire   . . .        p - +0 dagger
rCold   + . .        (no shield)
rNeg    . . .        a - +0 robe
rPois   .            (helmet restricted)
rElec   .            (no cloak)
rCorr   .            (no gloves)
SInv    .            (boots unavailable)
Will    .....        (no amulet)
Stlth   ++           l - ring of protection from cold
HPRegen 0.26/turn    (no ring)
MPRegen 0.12/turn

%: no passive effects
@: flying quickly and evasively, quick
A: beak, talons 3, nimble flight
a: Renounce Religion


You were on level 4 of the Dungeon.
You worshipped Sif Muna.
Sif Muna was noncommittal.
You visited 1 branch of the dungeon, and saw 4 of its levels.

You collected 108 gold pieces.

Inventory:

Hand Weapons
 d - a +0 short sword
 m - a +1 scythe of venom
 p - a +0 dagger (weapon)
Missiles
 j - 25 stones
 q - 2 boomerangs
Armour
 a - a +0 robe (worn)
 o - the +0 leather armour "Juxtikk" {Str+3}
   (You found it on level 2 of the Dungeon)

   Str:       It affects your strength (+3).
Jewellery
 l - a ring of protection from cold (left hand)
Scrolls
 e - a scroll of fear {unknown}
 g - a scroll of fog {unknown}
 h - 2 scrolls of enchant armour {unknown}
 i - a scroll of amnesia
 s - a scroll of teleportation {unknown}
Potions
 b - a potion of magic
 c - 2 potions of brilliance {unknown}
 f - a potion of resistance {unknown}
 k - a potion of berserk rage {unknown}
 n - 3 potions of curing {unknown}
 r - a potion of heal wounds {unknown}


   Skills:
 - Level 2.1 Dodging
 - Level 2.0 Stealth
 - Level 2.0 Spellcasting
 + Level 5.4 Conjurations
 * Level 7.2 Fire Magic


You had 7 spell levels left.
You knew the following spells:

 Your Spells              Type           Power      Damage    Failure   Level
a - Foxfire               Conj/Fire      92%        2x1d8     1%          1
b - Scorch                Fire           52%        2d7       1%          2

Your spell library contained the following spells:

 Spells                   Type           Power      Damage    Failure   Level
 Momentum Strike          Conj/Tloc      22%        3d8       10%         2
 Inner Flame              Hex/Fire       14%        N/A       13%         3
 Volatile Blastmotes      Fire/Tloc      28%        2d12      13%         3
 Flame Wave               Conj/Fire      23%        2d8       14%         4
 Sandblast                Erth           2%         2d4       19%         1
 Stone Arrow              Conj/Erth      22%        3d8       19%         3
 Blink                    Tloc           2%         N/A       28%         2
 Lesser Beckoning         Tloc           2%         N/A       28%         2
 Passwall                 Tmut/Erth      0%         N/A       28%         2
 Poisonous Vapours        Pois/Air       2%         N/A       28%         2
 Mephitic Cloud           Conj/Pois/Air  7%         N/A       28%         3
 Animate Armour           Summ/Erth      2%         N/A       88%         4
 Freezing Cloud           Conj/Ice/Air   3%         6-21      95%         5
 Blade Hands              Tmut           0%         N/A       99%         5
 Iron Shot                Conj/Erth      5%         9d2       100%        6


Dungeon Overview and Level Annotations

Branches:
Dungeon (4/15) Zot: 20485
 Temple: D:4-7

Altars:
Cheibriados
Sif Muna

Shops:
D:1 ?

Annotations:
D:1 exclusion: 2 downstairs


Innate Abilities, Weirdness & Mutations

You have a beak for a mouth.
You have claws for feet.
Your magical nature lets you fly swiftly and evasively.


Message History

You fly downwards.
Found 24 gold pieces and a runed orb.
Found an escape hatch in the ceiling.
There is a stone staircase leading up here.
There are monsters nearby!
Casting: Foxfire (safe; 1% risk of failure)
Confirm with . or Enter, or press ? or * to list all spells.
You conjure some foxfire!
The ogre shouts!
The foxfire hits the ogre.
The ogre is lightly wounded.
Casting: Foxfire (safe; 1% risk of failure)
Confirm with . or Enter, or press ? or * to list all spells.
Flames lash the ogre.
The ogre is heavily wounded.
The ogre's fire resistance burns away.
The foxfire hits the quokka.
The quokka is lightly wounded.
The quokka barely misses you.
A phantom comes into view.
Casting: Scorch (safe; 1% risk of failure)
Confirm with . or Enter, or press ? or * to list all spells.
Flames lash the quokka.
The quokka is almost dead.
The quokka's fire resistance burns away.
The quokka bites you.
The ogre hits you with a +0 giant spiked club!
* * * LOW HITPOINT WARNING * * *
Casting: Scorch (safe; 1% risk of failure)
Confirm with . or Enter, or press ? or * to list all spells.
Flames lash the ogre.
The ogre is burned terribly!
The ogre is severely wounded.
The quokka barely misses you.
Unknown command.
Casting: Scorch (safe; 1% risk of failure)
Confirm with . or Enter, or press ? or * to list all spells.
Flames lash the quokka.
The quokka is burned terribly!
You kill the quokka!
Sif Muna accepts your kill.
The ogre hits you with a +0 giant spiked club!!
Ouch! That really hurt!
You die...

.. ▒▒........$
. .......... .
..........
▒.▒.........
▒▒.▒......W..
▒▒..}...}.....
▒...[.%.......
▒...Q....▒
▒....O$.▒▒
.......}...▒
.........<.▒
.......▒▒...▒
....... .▒.▒
....... ....
▒...... .▒..▒


You could see an ogre (combustible) and a phantom.

Vanquished Creatures
  Grinder (D:3)
  Sigmund (D:2)
  Robin (D:3)
  An adder (D:3)
  3 worms
  2 dart slugs
  5 endoplasms
  3 giant cockroaches
  16 goblins
  12 hobgoblins
  4 quokkas
  10 ball pythons
  6 bats
  5 frilled lizards
  4 kobolds
  7 rats
81 creatures vanquished.

Vanquished Creatures (others)
  124 foxfires
124 creatures vanquished.

Grand Total: 205 creatures vanquished

Notes
Turn   | Place    | Note
-------+----------+-------------------------------------------
     0 | D:1      | shmup the Tengu Fire Elementalist began the quest for the
                  | Orb.
     0 | D:1      | Reached XP level 1. HP: 10/10 MP: 4/4
    30 | D:1      | Found a faded altar of an unknown god.
   183 | D:1      | Reached XP level 2. HP: 15/15 MP: 4/6
   526 | D:1      | Reached skill level 4 in Fire Magic
   558 | D:1      | Learned a level 2 spell: Scorch
   610 | D:1      | Reached XP level 3. HP: 10/19 MP: 3/7
  1022 | D:1      | Found The Oracle's Delphic Readings.
  1176 | D:2      | Noticed Sigmund
  1607 | D:2      | Killed Sigmund
  1608 | D:2      | Reached skill level 6 in Fire Magic
  1608 | D:2      | Reached XP level 4. HP: 15/24 MP: 3/8
  1608 | D:2      | Gained mutation: Your magical nature lets you fly swiftly
                  | and evasively. [Tengu growth]
  1608 | D:2      | Reached XP level 5. HP: 17/28 MP: 3/9
  1939 | D:2      | Reached XP level 6. HP: 32/32 MP: 4/10
  2177 | D:2      | Identified the +0 leather armour "Juxtikk" {Str+3}
  2388 | D:3      | Noticed Robin
  2411 | D:3      | Killed Robin
  2607 | D:3      | Noticed Grinder
  2872 | D:3      | Killed Grinder
  2873 | D:3      | Reached skill level 5 in Conjurations
  2873 | D:3      | Reached skill level 7 in Fire Magic
  2873 | D:3      | Reached XP level 7. HP: 24/36 MP: 2/11
  3506 | D:3      | Found a snail-covered altar of Cheibriados.
  3568 | D:3      | Found a shimmering blue altar of Sif Muna.
  3575 | D:3      | Became a worshipper of Sif Muna the Loreminder
  3630 | D:4      | Slain by an ogre

Illustrated notes

Levels and vault maps discovered:
D:1:      psy_arrival_terrarium, layout_loops_ring, basic_ecumenical_altar,
          nicolae_nh_oracle_at_delphi
D:2:      layout_loops_ring, uniq_sigmund
D:3:      kennysheep_big_flooded_room, layout_rooms,
          mainiacjoe_overflow_two_lobes, uniq_robin, uniq_grinder
D:4:      layout_rooms, lemuel_zombie_altar_kikubaaqudgha, serial_shops,
          nicolae_shop_hallway_stairs, serial_park_tiny_2,
          eino_small_chamber_without_monster, nicolae_kite_square_tiling_tiny,
          grunt_ministairs_1, minmay_misc_feat_alley

Skill      XL: |  1  2  3  4  5  6 |
---------------+-------------------+-----
Conjurations   | 2 4 5 |  5.4
Fire Magic     | 4 6 7 |  7.2
Dodging        | |  2.1
Stealth        | |  2.0
Spellcasting   | |  2.0

Action                     |  1- 3 |  4- 6 |  7- 9 || total
---------------------------+-------+-------+-------++-------
  Melee: Unarmed           |     1 |       |       ||     1
         Short sword       |    29 |     6 |       ||    35
         Kick              |    10 |     4 |       ||    14
         Punch             |     1 |       |       ||     1
         Peck              |     6 |       |       ||     6
         Dagger            |       |     3 |       ||     3
   Cast: Foxfire           |    34 |    34 |    12 ||    80
         Scorch            |    11 |    13 |     6 ||    30
    Use: Scroll            |       |     1 |       ||     1
 Armour: Robe              |     9 |       |       ||     9
  Dodge: Dodged            |    40 |     8 |     2 ||    50
